AoeStats
← Parcero Tico

African Clearing

505176381Analyzed
4v4 RM · 25d ago on Sep 8, 2026· 35m 29s· 8 players
Game mode
Random Map
Map size
Large (8 player)
Population
200
Speed
Normal
Resources
Standard
Victory
Conquest
Starting age
Dark Age
Ending age
Imperial Age
RankedLock teamsTeams togetherTeam positionsShared explorationLock speedFull tech treeHidden civsTurbo modeCheats
Victory
Defeat
🇻🇳 Ethiopians · Vietnam
1864
+14
🇧🇷 Berbers · Brazil
1684
+22
🇯🇵 Wei · Japan
1629
+24
🇨🇳 Sicilians · China
1573
+24
🇲🇽 Byzantines · Mexico
1961
-27
🇲🇽 Tatars · Mexico
1932
-25
🇲🇽 Celts · Mexico
1882
-24
🇲🇽 Malians · Mexico
1475
-8
happy gay
11:59 Feudal Age
12:35 Loom
12:39 Double-Bit Axe
12:46 Loom
13:23 Fletching
16:49 Horse Collar
24:23 Castle Age
22:44 Padded Archer Armor
22:51 Gold Mining
23:47 Bloodlines
25:13 Wheelbarrow
25:18 Husbandry
27:01 Ballistics
26:29 Crossbowman
34:00 Bodkin Arrow
36:04 Hand Cart
我是你大飞哥
11:57 Loom
14:19 Feudal Age
18:18 Castle Age
16:28 Double-Bit Axe
17:53 Scale Barding Armor
18:00 Fishing Lines
24:40 Gillnets
31:54 Bloodlines
31:05 Light Cavalry
34:02 Forging
Fs.churacoRS
13:19 Feudal Age
16:59 Castle Age
15:21 Double-Bit Axe
15:19 Horse Collar
16:15 Loom
18:01 Bow Saw
20:00 Town Watch
21:27 Stone Mining
21:27 Gold Mining
22:36 Town Watch
23:27 Wheelbarrow
23:05 Heavy Plow
30:36 Imperial Age
28:53 Stone Shaft Mining
28:39 Fletching
28:50 Padded Archer Armor
29:38 Bodkin Arrow
30:10 Husbandry
30:20 Bloodlines
30:37 Ballistics
32:38 Chemistry
32:19 Conscription
32:09 Bracer
32:26 Leather Archer Armor
32:43 Elite Camel Archer
33:46 Scale Barding Armor
33:51 Forging
35:40 Ring Archer Armor
saymynameBook
8:27 Loom
11:09 Feudal Age
11:39 Double-Bit Axe
15:03 Fletching
17:08 Town Watch
22:22 Castle Age
21:18 Gold Mining
22:02 Horse Collar
22:26 Crossbowman
23:02 Bodkin Arrow
25:47 Padded Archer Armor
VENÓN | Mauricio
10:03 Loom
12:19 Feudal Age
16:30 Fletching
21:42 Castle Age
20:30 Stone Mining
21:51 Padded Archer Armor
21:37 Double-Bit Axe
22:23 Bodkin Arrow
22:50 Bow Saw
22:36 Elite Skirmisher
28:55 Horse Collar
VENÓN | Tomas Marinero
11:06 Loom
12:51 Feudal Age
16:57 Castle Age
14:57 Double-Bit Axe
16:12 Town Watch
18:24 Bow Saw
18:50 Fletching
28:23 Atonement
30:10 Bodkin Arrow
35:17 Wheelbarrow
VENÓN | Tomathinner
7:16 Loom
16:24 Feudal Age
24:18 Castle Age
Parcero Tico
12:24 Loom
14:49 Feudal Age
15:37 Town Watch
18:30 Castle Age
16:35 Double-Bit Axe
19:42 Bow Saw
20:53 Fishing Lines
21:51 Gillnets
23:02 Horse Collar
27:26 Scale Mail Armor
28:10 Heavy Plow
28:48 Wheelbarrow
33:29 Imperial Age
31:14 Stone Mining
31:14 Gold Mining
31:36 Forging
31:55 Heavy Plow
32:24 Chain Mail Armor
33:20 Iron Casting
34:48 Plate Mail Armor
Connection lost

Rejoining the realm…

Still unreachable

The connection could not be restored.

Session expired

The server has moved on; the page needs a fresh start.